 Dungeon Crawl Stone Soup version 0.28-a0-1152-g9c71ebef14 (webtiles) character file.

Game seed: 4751874293644088937

24733 mandarbmax the Brawler (level 12, -11/122 HPs)
             Began as a Troll Cinder Acolyte on Dec 14, 2021.
             Was a Believer of Ignis.
             Hit by a silver javelin thrown by a minotaur (29 damage)
             ... in a Gauntlet.
             The game lasted 00:36:52 (12438 turns).

mandarbmax the Brawler (Troll Cinder Acolyte)      Turns: 12438, Time: 00:36:52

Health: -11/122    AC: 13    Str: 25    XL:     12   Next: 83%
Magic:  0/12       EV: 18    Int: 12    God:    Ignis [**....]
Gold:   868        SH:  0    Dex:  7    Spells: 13/13 levels left

rFire   + . .      SeeInvis .     - Unarmed
rCold   . . .      Faith    .   (no shield)
rNeg    . . .      Spirit   +   G - +1 acid dragon scales
rPois   +          Reflect  .   l - +2 hat
rElec   .          Harm     .   s - +1 cloak {rPois}
rCorr   +          Rampage  .   (gloves unavailable)
Will    .....      NoTele   +   (boots unavailable)
Stlth   +.........              f - amulet of guardian spirit
HPRegen 1.10/turn               u - +4 ring of evasion
MPRegen 0.13/turn               S - +4 ring of evasion

@: hasted, very quick
A: large, unfitting armour, claws 3, regeneration 1, shaggy fur 1, tough skin 1
a: Renounce Religion, Fiery Armour, Foxfire Swarm, Rising Flame


You were in a Gauntlet.
You worshipped Ignis.
Ignis was pleased with you.
You visited 2 branches of the dungeon, and saw 14 of its levels.
You also visited: Sewer and Gauntlet.

You collected 868 gold pieces.

Inventory:

Missiles
 m - 81 poisoned darts
 v - 24 large rocks
 B - 23 boomerangs
 E - 2 curare-tipped darts
 M - 7 javelins (quivered)
 N - 4 atropa-tipped darts
Armour
 l - a +2 hat (worn)
 q - a +2 cloak
 s - a +1 cloak of poison resistance (worn)
 G - +1 acid dragon scales (worn)
Jewellery
 d - a ring of see invisible
 f - an amulet of guardian spirit (around neck)
 p - a ring of resist corrosion
 u - a +4 ring of evasion (left claw)
 C - a ring of positive energy
 Q - a ring of fire
 S - a +4 ring of evasion (right claw)
Wands
 a - a wand of digging (4)
 y - a wand of charming (10)
 D - a wand of flame (22)
 J - a wand of paralysis (3)
 K - a wand of iceblast (1)
 L - a wand of acid (4)
 O - a wand of mindburst (1)
Scrolls
 b - 5 scrolls of blinking
 c - 3 scrolls of fear
 g - 3 scrolls of teleportation
 h - 5 scrolls of amnesia
 n - a scroll of brand weapon
 w - 2 scrolls of immolation
 x - 2 scrolls of enchant weapon
 F - a scroll of summoning
Potions
 e - 2 potions of degeneration
 i - 2 potions of resistance
 j - 3 potions of brilliance
 k - 7 potions of haste
 o - 3 potions of curing
 r - 5 potions of flight
 z - a potion of invisibility
 I - 3 potions of mutation


   Skills:
 + Level 8.5 Fighting
 + Level 8.0 Throwing
 + Level 5.8 Dodging
 - Level 15.0 Unarmed Combat
 - Level 1.0 Spellcasting
 - Level 2.1 Fire Magic
 - Level 5.0 Evocations


You had 13 spell levels left.
You didn't know any spells.
Your spell library contained the following spells:

 Spells                   Type           Power      Damage    Failure   Level
 Scorch                   Fire           10%        2d6       22%         2
 Summon Small Mammal      Summ           0%         N/A       36%         1
 Blink                    Tloc           0%         N/A       50%         2
 Ensorcelled Hibernation  Hex/Ice        0%         N/A       50%         2
 Passwall                 Tmut/Erth      0%         N/A       50%         2
 Static Discharge         Conj/Air       0%         N/A       50%         2
 Call Canine Familiar     Summ           0%         N/A       73%         3
 Lesser Beckoning         Tloc           0%         N/A       73%         3
 Spider Form              Tmut/Pois      0%         N/A       73%         3
 Summon Guardian Golem    Hex/Summ       0%         N/A       73%         3
 Swiftness                Air            0%         N/A       73%         3
 Sticky Flame             Conj/Fire      3%         2d3       93%         4
 Airstrike                Air            0%         N/A       98%         4
 Dispel Undead            Necr           0%         3d6       98%         4
 Summon Lightning Spire   Summ/Air       0%         N/A       98%         4
 Fireball                 Conj/Fire      1%         3d3       100%        5
 Iskenderun's Battlesphe  Conj           0%         2d6       100%        5
 Lightning Bolt           Conj/Air       0%         1d11      100%        5
 Manifold Assault         Tloc           0%         N/A       100%        5
 Conjure Ball Lightning   Conj/Air       0%         3x3d6     100%        6
 Orb of Destruction       Conj           0%         N/A       100%        7


Dungeon Overview and Level Annotations

Branches:
Dungeon (13/15)            Temple (0/1) D:5            Lair (1/6) D:11
    Orc (0/2) D:9           Sewer (visited)         Gauntlet (1/1)
 Vaults: D:13-14

Altars:
Ashenzari
Kikubaaqudgha
Beogh

Shops:
D:11 [

Portals:
Abyss: D:10

Annotations:
D:11 2 transporters, Thraspic's ghost, journeyman TrCK Gauntlet 4 transporters


Innate Abilities, Weirdness & Mutations

You are too large for most types of armour.
You have claws for hands.
Your natural rate of healing is unusually fast.
You are covered in fur. (AC +1)
You have tough skin. (AC +1)


Message History

The black mamba disappears in a puff of smoke!
The naga warrior disappears in a puff of smoke!
The mana viper disappears in a puff of smoke!
The fire crab dissolves into shadows!
The catoblepas dissolves into shadows!
The yak dissolves into shadows! x3; The ufetubus dissolves into shadows!
Your Throwing skill increases to level 8!
Unknown command.
There is a transporter here.
You see here a +0 cloak.
You see here a +2 helmet of intelligence.
You see here a +0 cloak.
There is a transporter here.
You enter the transporter and appear at another place.
A minotaur comes into view.
It is wielding the +5 long sword "Nioveur" {freeze, Int+4 Dex+3} and quivering silver javelins.
The minotaur bellows!
Your extra speed is starting to run out.
You completely miss the minotaur.
The minotaur furiously retaliates!
The minotaur headbutts you!
You barely miss the minotaur.
The minotaur hits you with the +5 long sword "Nioveur" {freeze, Int+4 Dex+3}!!
The minotaur freezes you! The minotaur misses you.
Unknown command.
You mangle the minotaur!!
The minotaur is moderately wounded.
You barely miss the minotaur.
The minotaur furiously retaliates!
The minotaur headbutts you!
Your claw misses the minotaur.
The minotaur is moderately wounded.
You feel yourself slow down.
The minotaur hits you with the +5 long sword "Nioveur" {freeze, Int+4 Dex+3}!
The minotaur freezes you! The minotaur gores you.
You feel yourself speed up.
The minotaur hits you with the +5 long sword "Nioveur" {freeze, Int+4 Dex+3}!!
* * * LOW HITPOINT WARNING * * *
The minotaur freezes you.
* * * LOW HITPOINT WARNING * * *
The minotaur completely misses you.
Unknown command.
The minotaur throws a silver javelin.
The silver javelin pierces through you!!
You die...

##≈###.................###≈###≈##
### ################### ### ###
#≈...............≈##
#≈≈..8©8©8©8©8©8..≈≈#
##≈...............≈##
#####.###.###.#####
##.###.###.### .............#
.###.###@###.# #.# .#
......H.....# #####'####### ...
###


You could see a minotaur.

Vanquished Creatures
  A green death (Gauntlet)
  A boulder beetle (D:11)
  Fannar (D:12)
  The ghost of spaghetti the Nimble, a novice DDDe of Makhleb (D:10)
  A two-headed ogre (D:11)
  Urug (D:10)
  An orange crystal statue (Gauntlet)
  Pikel (D:5)
  3 large abominations
  A deep elf pyromancer (D:12)
  An ugly thing (D:10)
  3 cyclopes
  5 slime creatures (D:12)
  A worldbinder (Gauntlet)
  A toenail golem (D:10)
  5 cane toads
  A gargoyle (D:12)
  An orange demon (Gauntlet)
  A komodo dragon (Lair:1)
  3 unseen horrors
  3 kobold demonologists (D:11)
  An efreet (D:12)
  5 trolls
  A troll (shapeshifter) (D:12)
  A vampire (D:11)
  A wraith (D:12)
  25 yaks
  2 steam dragons (D:7)
  A chaos spawn (Gauntlet)
  A neqoxec (Gauntlet)
  Edmund (D:6)
  2 acid dragons
  3 wargs (D:11)
  3 water moccasins
  Duvessa (D:5)
  4 orc warriors
  An ice beast (D:7)
  A sky beast (D:7)
  2 necrophages
  2 centaurs
  2 boggarts (Gauntlet)
  An ogre (D:7)
  4 kobold brigands
  5 small abominations
  2 bullfrogs
  2 gnoll sergeants
  3 scorpions
  2 wyvern skeletons (D:7)
  Dowan (D:5)
  4 killer bees (D:9)
  A howler monkey (D:7)
  A bullfrog zombie (D:5)
  2 centaur zombies
  2 bullfrog skeletons
  3 jellies
  A gnoll shaman (D:7)
  4 orc priests
  A centaur skeleton (D:7)
  3 hounds (D:5)
  Jessica (D:2)
  3 iguanas
  18 orc wizards
  A killer bee zombie (D:6)
  A hound skeleton (D:4)
  9 gnolls
  9 adders
  3 river rats (Sewer)
  2 shadow imps
  The ghost of spaghetti the Sneak, a weakling OpDe (D:6)
  A dart slug (D:3)
  58 orcs
  7 ball pythons
  4 bats
  6 endoplasms
  6 giant cockroaches
  3 goblins
  9 hobgoblins
  8 kobolds
  4 quokkas
  11 frilled lizards
  10 rats
314 creatures vanquished.

Vanquished Creatures (others)
  82 foxfires
  2 fungi (Lair:1)
84 creatures vanquished.

Grand Total: 398 creatures vanquished

Notes
Turn   | Place    | Note
-------+----------+-------------------------------------------
     0 | D:1      | mandarbmax the Troll Cinder Acolyte began the quest for the
                  | Orb.
     0 | D:1      | Reached XP level 1. HP: 22/22 MP: 1/1
   267 | D:1      | Reached XP level 2. HP: 29/29 MP: 2/2
   269 | D:1      | You fall into a shaft and drop 1 floor!
   400 | D:2      | Found a faded altar of an unknown god.
   442 | D:2      | Reached XP level 3. HP: 36/36 MP: 3/3
   444 | D:2      | Noticed Jessica
   449 | D:2      | Killed Jessica
   450 | D:2      | Reached skill level 4 in Unarmed Combat
  1016 | D:2      | Reached XP level 4. HP: 44/45 MP: 4/4
  1524 | D:2      | Found an ancient bone altar of Kikubaaqudgha.
  1843 | D:3      | Found a glowing drain.
  1891 | Sewer    | Entered a sewer
  1918 | Sewer    | Reached skill level 5 in Unarmed Combat
  1927 | Sewer    | Reached XP level 5. HP: 48/53 MP: 5/5
  3055 | D:4      | Reached XP level 6. HP: 56/62 MP: 6/6
  3324 | D:4      | Reached skill level 6 in Unarmed Combat
  3817 | D:5      | Entered Level 5 of the Dungeon
  3844 | D:5      | Found a broken altar of Ashenzari.
  4154 | D:5      | Noticed Pikel
  4169 | D:5      | Killed Pikel
  4170 | D:5      | Reached skill level 8 in Unarmed Combat
  4170 | D:5      | Reached XP level 7. HP: 54/71 MP: 7/7
  4175 | D:5      | Reached skill level 5 in Fighting
  4303 | D:5      | Reached XP level 8. HP: 80/80 MP: 8/8
  4318 | D:5      | Noticed Dowan
  4318 | D:5      | Noticed Duvessa
  4339 | D:5      | Killed Duvessa
  4351 | D:5      | Killed Dowan
  4574 | D:5      | Found a staircase to the Ecumenical Temple.
  4920 | D:6      | Found a runed translucent gate.
  4920 | D:6      | Found a runed translucent gate.
  4920 | D:6      | Found a runed translucent gate.
  4929 | D:6      | Noticed spaghetti's ghost (weakling OpDe)
  4942 | D:6      | Killed spaghetti's ghost
  5041 | D:6      | Reached skill level 9 in Unarmed Combat
  5119 | D:6      | Noticed Edmund
  5132 | D:6      | Killed Edmund
  5781 | D:7      | Reached skill level 1 in Throwing
  5837 | D:7      | Reached skill level 10 in Unarmed Combat
  5837 | D:7      | Reached XP level 9. HP: 79/89 MP: 9/9
  6199 | D:7      | Reached skill level 11 in Unarmed Combat
  6390 | D:7      | Killed an unseen horror
  6663 | D:8      | Reached XP level 10. HP: 73/102 MP: 10/10
  6913 | D:8      | Reached skill level 12 in Unarmed Combat
  7705 | D:9      | Reached skill level 5 in Throwing
  8126 | D:9      | Found a staircase to the Orcish Mines.
  8569 | D:10     | Entered Level 10 of the Dungeon
  8596 | D:10     | Found a transporter.
  8625 | D:10     | Noticed a toenail golem
  8634 | D:10     | Found a transporter.
  8635 | D:10     | Found a one-way gate to the infinite horrors of the Abyss.
  8635 | D:10     | Noticed spaghetti's ghost (novice DDDe)
  8636 | D:10     | Noticed a large abomination
  8698 | D:10     | Noticed Urug
  8711 | D:10     | Killed Urug
  8712 | D:10     | Reached skill level 13 in Unarmed Combat
  8893 | D:10     | Noticed a white ugly thing
  8906 | D:10     | Killed a white ugly thing
  8907 | D:10     | Reached skill level 1 in Dodging
  8907 | D:10     | Reached skill level 1 in Evocations
  9209 | D:10     | Reached XP level 11. HP: 99/111 MP: 8/11
  9466 | D:11     | Noticed a soul eater
  9479 | D:11     | Noticed a sixfirhy
  9505 | D:11     | Noticed a two-headed ogre
  9508 | D:11     | Killed a two-headed ogre
  9614 | D:11     | Found Ukhudooc's Antique Armour Shoppe.
  9799 | D:10     | Killed a large abomination
  9836 | D:10     | Killed spaghetti's ghost
 10061 | D:11     | Noticed a boulder beetle
 10069 | D:11     | Killed a boulder beetle
 10116 | D:11     | Noticed a two-headed ogre
 10116 | D:11     | Noticed a two-headed ogre
 10118 | D:11     | Noticed a wolf spider
 10121 | D:11     | Noticed Thraspic's ghost (journeyman TrCK)
 10194 | D:11     | Reached skill level 14 in Unarmed Combat
 10450 | D:11     | Found a transporter.
 10454 | D:11     | Found a transporter.
 10544 | D:11     | Found a staircase to the Lair.
 10890 | D:12     | Noticed Fannar
 10903 | D:12     | Killed Fannar
 10904 | D:12     | Reached skill level 5 in Dodging
 10904 | D:12     | Reached XP level 12. HP: 119/119 MP: 10/12
 11236 | D:12     | Reached skill level 5 in Evocations
 11596 | Lair:1   | Entered Level 1 of the Lair of Beasts
 11598 | Lair:1   | Identified a scroll of acquirement
 11598 | Lair:1   | Acquired a +5 spectral giant club
 11723 | Lair:1   | Reached skill level 15 in Unarmed Combat
 12030 | Lair:1   | Found a gate leading to a gauntlet.
 12039 | Gauntlet | Entered a Gauntlet
 12039 | Gauntlet | Found a transporter.
 12051 | Gauntlet | Found a transporter.
 12051 | Gauntlet | Found a transporter.
 12052 | Gauntlet | Found a transporter.
 12063 | Gauntlet | Found a transporter.
 12063 | Gauntlet | Found a transporter.
 12064 | Gauntlet | Found a transporter.
 12073 | Gauntlet | Found a transporter.
 12076 | Gauntlet | Found a transporter.
 12077 | Gauntlet | Found a transporter.
 12079 | Gauntlet | Noticed a green death
 12088 | Gauntlet | Found a transporter.
 12089 | Gauntlet | Found a transporter.
 12090 | Gauntlet | Found a transporter.
 12097 | Gauntlet | Found a transporter.
 12384 | Gauntlet | Killed a green death
 12406 | Gauntlet | Noticed a catoblepas
 12408 | Gauntlet | Noticed a naga warrior
 12427 | Gauntlet | Identified the +5 long sword "Nioveur" {freeze, Int+4
                  | Dex+3}
 12427 | Gauntlet | Noticed a minotaur
 12438 | Gauntlet | Hit by a silver javelin thrown by a minotaur

Illustrated notes

Levels and vault maps discovered:
D:1:      dpeg_arrival_castle, layout_loops_ring, minmay_pentomino_r2
D:2:      layout_loops_corners, hellmonk_ecumenical_altar_defaced_shrine,
          basic_altar, uniq_jessica
D:3:      layout_basic, gup_sewer_entry_glass, minmay_quantized
D:4:      layout_basic, corexii_corridor_pit
D:5:      layout_loops_corners, lemuel_crystal_altar, temple_hall,
          minmay_stone_trees_medium, minmay_misc_feat_plants, uniq_duvessa,
          uniq_pikel
D:6:      layout_rooms, ebering_ghost_rock_garden, corexii_corridor_pit,
          uniq_edmund
D:7:      cheibrodos_barr_body, layout_layer_cave, minmay_crystal_room,
          roderic_lattice_a, feat_on_display
D:8:      layout_layer_cave
D:9:      layout_layer_cave, hiddenorc2_lemuel
D:10:     layout_grid_maze, gammafunk_ghost_abyssal_escape, uniq_urug
D:11:     layout_cross, erik_lair_orcish_takeover, serial_shops, shop,
          nzn_ghost_randoct, minmay_variable_closet
D:12:     layout_roguey, uniq_fannar
D:13:     layout_irregular_city, minmay_puff
Lair:1:   layout_cave_pods, gauntlet_entry_generic
Gauntlet: gammafunk_gauntlet_77_escape_option
          [minmay_gauntlet_arena_77_double_cross,
          minmay_gauntlet_arena_77_chump_sandwich,
          minmay_gauntlet_arena_77_checkered,
          minmay_gauntlet_arena_77_block_sizes,
          minmay_gauntlet_arena_77_hold_the_fort, gauntlet_exit_watery]

Skill      XL: |  1  2  3  4  5  6  7  8  9 10 11 12 |
---------------+-------------------------------------+-----
Fighting       | 3 4 5 6 7 8 |  8.5
Unarmed Combat | 4 5 8 10 11 13 14 15 | 15.0
Throwing       | 1 3 5 8 |  8.0
Dodging        | 1 5 |  5.8
Evocations     | 1 4 5 |  5.0
Spellcasting   | |  1.0
Fire Magic     | |  2.1

Action                   |  1- 3 |  4- 6 |  7- 9 | 10-12 || total
-------------------------+-------+-------+-------+-------++-------
Melee: Unarmed           |    45 |   180 |   193 |   498 ||   916
       Punch             |       |       |    11 |    30 ||    41
Throw: Large rock        |       |     3 |    18 |    37 ||    58
       Boomerang         |       |     3 |       |    35 ||    38
       Dart              |       |       |       |    50 ||    50
       Javelin           |       |       |       |    12 ||    12
Invok: Fiery Armour      |       |     1 |       |       ||     1
       Foxfire Swarm     |       |       |     1 |     3 ||     4
Evoke: Wand              |       |       |       |     1 ||     1
  Use: Scroll            |       |       |    14 |    11 ||    25
       Potion            |       |       |     4 |     9 ||    13
 Stab: Invisible         |       |       |     1 |       ||     1
Armor: Robe              |    14 |    49 |    57 |     2 ||   122
       Acid dragon scale |       |       |       |   187 ||   187
Dodge: Dodged            |    12 |    77 |    92 |   278 ||   459

Table legend: (Time is in decaauts)
 A = Elapsed time spent in this place.
 B = Non-inter-level travel time spent in this place.
 C = Inter-level travel time spent in this place.
 D = Time resting spent in this place.
 E = Time spent auto-exploring this place.
 F = Levels seen in this place.
 G = Mean time per level.
                   A        B        C        D        E       F      G
               +--------+--------+--------+--------+--------+-----+--------+
         Total |  12300 |  11832 |    468 |    386 |   8913 |  16 |  768.8 |
       Dungeon |  11230 |  10762 |    468 |    301 |   8632 |  13 |  863.8 |
          Lair |    330 |    330 |      0 |      0 |      0 |   1 |  330.0 |
         Sewer |    365 |    365 |      0 |      0 |    162 |   1 |  365.0 |
      Gauntlet |    374 |    374 |      0 |     85 |    119 |   1 |  374.0 |
               +--------+--------+--------+--------+--------+-----+--------+

Top non-repeatable levels by time:
     D:9: 1324 daAuts
     D:7: 1257 daAuts
    D:11: 1135 daAuts
    D:10: 1097 daAuts
     D:5: 1014 daAuts
     D:2: 963 daAuts
     D:4: 956 daAuts
     D:3: 813 daAuts
    D:12: 809 daAuts
     D:1: 748 daAuts
     D:8: 587 daAuts
     D:6: 499 daAuts
Gauntlet: 374 daAuts
   Sewer: 365 daAuts
  Lair:1: 330 daAuts
